 Zot Defence DCSS version 0.15.2 (webtiles) character file.

144 equalderp2856 the Scratcher (level 5, 0/1 (25) HPs)
             Began as a Felid Fighter on Feb 19, 2017.
             Rotted away (a spiny frog)
             ... in the Realm of Zot (Scenario I: Hall of Zot).
             The game lasted 00:04:31 (1052 turns).

equalderp2856 the Scratcher (Felid Fighter)         Turns: 1052, Time: 00:04:31

HP   0/1 (25)    AC  2     Str 13      XL: 5   Next:  5%
MP   8/8         EV 21     Int  9      God:
Gold 0           SH  0     Dex 17      Spells:  0 memorised,  4 levels left
Lives: 0, deaths: 1

rFire  . . .     SeeInvis +       - Unarmed
rCold  . . .     Clarity  .     (armour unavailable)
rNeg   . . .     rCorr    .     (shield unavailable)
rPois  .         rRot     .     (helmet unavailable)
rElec  .         Spirit   .     (cloak unavailable)
SustAb .         Warding  .     (gloves unavailable)
rMut   .         Stasis   .     (boots unavailable)
Gourm  .                        (no amulet)
MR     .....                    (no ring)
                                (no ring)

@: quick, not resistant to hostile enchantments, unstealthy
A: paw claws, no armour, no weapons or thrown items, fangs 3, see invisible,
carnivore 3, speed 1, shaggy fur 2, slow metabolism 1, jump 2
a: Make oklob sapling, Make arrow trap, Make plant, Remove Curse, Make burning
bush, Jump Attack


You were in the Realm of Zot.
You were not hungry.

You visited 1 branch

Inventory:

Comestibles
 f - a meat ration
Scrolls
 k - a scroll of blinking
Potions
 d - 3 potions of curing
 e - a potion of might
 g - a potion of heal wounds
 h - a potion of haste
 i - 2 potions of magic
 j - a potion of berserk rage


   Skills:
 + Level 4.1 Fighting
 + Level 5.3 Dodging
 + Level 6.1 Unarmed Combat


You had 4 spell levels left.
You didn't know any spells.

Dungeon Overview and Level Annotations

Branches:
    Zot (1/1)

Altars:


Innate Abilities, Weirdness & Mutations

You cannot wear armour.
You are incapable of wielding weapons or throwing items.
Your paws have sharp claws.
You have razor-sharp teeth.
You have supernaturally acute eyesight.
You are carnivorous and can eat meat at any time.
You cover ground quickly.
You are covered in thick fur (AC +2).
You have a slow metabolism.
You can jump attack at a medium distance.


Message History

You barely miss the giant frog.
Your flesh rots away as the Orb of Zot is desecrated. x4
Unknown command.
Your flesh rots away as the Orb of Zot is desecrated.
Your flesh rots away as the Orb of Zot is desecrated. x3
Your flesh rots away as the Orb of Zot is desecrated. x2
Your flesh rots away as the Orb of Zot is desecrated. x2
Your flesh rots away as the Orb of Zot is desecrated. x3
The giant frog is no longer bleeding.
Your flesh rots away as the Orb of Zot is desecrated.
Your flesh rots away as the Orb of Zot is desecrated.
You scratch the giant frog.
The giant frog begins to bleed from its wounds!
The giant frog is lightly wounded.
Your flesh rots away as the Orb of Zot is desecrated. x4
You completely miss the spiny frog.
The spiny frog is almost dead.
Your flesh rots away as the Orb of Zot is desecrated.
Ouch! That really hurt!
You die...

▓▓▓▓▓▓▓▓▓▓ ▓▓▓▓▓▓ ......▓▓▓▓
▓▓▓▓.. .........▓▓▓ ▓▓▓.....
...........▓▓ ▓▓.......
............▓ ▓▓▓▓▓▓▓▓▓ ▓........
............▓▓▓.......▓▓▓........
............▓▓.........▓▓........
............▓.....F.....▓........
.............F..@FFF.............
............▓....FF.....▓........
............▓▓.........▓▓........
............▓▓▓.......▓▓▓........
............# ▓▓▓▓▓▓▓▓▓ #........
...........## ##.......
.........### ###..... ......####
####.. ########### #######


You could see 4 spiny frogs and 3 giant frogs.

Vanquished Creatures
  An orc wizard (Zot)
  A worm (Zot)
  An ooze (Zot)
  A giant cockroach (Zot)
  2 ball pythons (Zot)
  2 giant newts (Zot)
  2 goblins (Zot)
  A kobold (Zot)
11 creatures vanquished.

Vanquished Creatures (collateral kills)
  A blink frog (Zot)
  Terence (Zot)
  2 giant cockroaches (Zot)
  3 goblins (Zot)
  A quokka (Zot)
  A jackal (Zot)
  A rat (Zot)
10 creatures vanquished.

Vanquished Creatures (others)
  2 oklob saplings (Zot)
2 creatures vanquished.

Grand Total: 23 creatures vanquished

Notes
Turn   | Place    | Note
--------------------------------------------------------------
     0 | Zot      | equalderp2856, the Felid Fighter, began the quest for the Orb.
     0 | Zot      | Reached XP level 1. HP: 10/10 MP: 2/2
   285 | Zot      | Reached XP level 2. HP: 14/14 MP: 3/3
   381 | Zot      | Reached XP level 3. HP: 17/17 MP: 5/5
   602 | Zot      | Noticed Terence
   606 | Zot      | Reached skill level 5 in Unarmed Combat
   606 | Zot      | Reached XP level 4. HP: 21/21 MP: 7/7
   616 | Zot      | Killed Terence
   962 | Zot      | Noticed a blink frog
   964 | Zot      | Noticed a spiny frog
   978 | Zot      | Noticed a spiny frog
   979 | Zot      | Killed a blink frog
   979 | Zot      | Reached skill level 5 in Dodging
   979 | Zot      | Reached skill level 6 in Unarmed Combat
   979 | Zot      | Reached XP level 5. HP: 23/25 MP: 8/8
   979 | Zot      | Gained mutation: You are covered in thick fur (AC +2). [growing up]
   979 | Zot      | Gained mutation: You can jump attack at a medium distance. [growing up]
   979 | Zot      | Reached XP level 6. HP: 25/28 MP: 10/10
   984 | Zot      | Noticed a spiny frog
   990 | Zot      | Mangled by a spiny frog
   991 | Zot      | Reached XP level 5. HP: -9/25 MP: 8/8
  1038 | Zot      | Noticed a spiny frog
  1052 | Zot      | Rotted away (a spiny frog)

Action                   |  1- 3 |  4- 6 || total
-------------------------+-------+-------++-------
Melee: Unarmed           |    29 |    24 ||    53
 Abil: Make oklob saplin |     1 |     1 ||     2
